[Event "Early-Titled-Tuesday-Blitz-December-26-2023"]
[Site "Chess.com"]
[Date "2023.12.26"]
[Round "3"]
[White "ukchessbomber"]
[Black "Szparu"]
[Result "0-1"]
[WhiteElo "2669"]
[BlackElo "2873"]
[TimeControl "180+1"]
[EndTime "8:27:08 PST"]
[Termination "Szparu won on time"]

1. a3 e5 2. c4 c6 3. d4 exd4 4.
Qxd4 d5 5. Nc3 Nf6 6. Bg5 dxc4 7. Qxd8+ Kxd8 8. e4 Be6 9. e5 h6 10. Bh4 g5 11. exf6 gxh4 12. O-O-O+ Nd7 13. Nf3 Kc7 14. Nxh4 Nc5 15. f4 b5 16. Be2 a5 17. f5 Bd7 18.
Bh5 b4 19. Ne2 Nd3+ 20. Kc2 Rh7 21. Bg6 fxg6 22. fxg6 Rh8 23. g7 Rg8 24. gxf8=Q Raxf8 25. Rhf1 Rg4 26. g3 c5 27. Kd2 Nxb2 28. Rc1 c3+ 29. Ke3 Re8+ 30. Kf3 h5 31. Nf4 Bc6+ 32. Kf2 Rxf4+ 33.
gxf4 Nd3+ 34. Kg3 Rg8+ 35. Kh3 Rg4 36. f7 Nxf4+ 37. Rxf4 Rxf4 0-1

[Event "Early-Titled-Tuesday-Blitz-December-26-2023"]
[Site "Chess.com"]
[Date "2023.12.26"]
[Round "3"]
[White "TanitoluwaAps116"]
[Black "Statham_l3"]
[Result "0-1"]
[WhiteElo "2736"]
[BlackElo "2571"]
[TimeControl "180+1"]
[EndTime "8:27:09 PST"]
[Termination "Statham_l3 won by checkmate"]

1. e4 e5 2. Nf3 Nc6 3. Nc3 Nf6 4.
Bb5 Nd4 5. Nxd4 exd4 6. e5 c6 7.
exf6 Qxf6 8. Ne4 Qg6 9. Bd3 Qxg2 10. Ng3 h5 11. h4 f5 12. Bxf5 d5 13. Qe2+ Kf7 14.
Qf1 Qf3 15. Qe2 Qg2 16. Qe5 Bd6 17. Bg6+ Kxg6 18. Qxd6+ Kh7 19. d3 Re8+ 20. Be3 Bg4 21. Kd2 Rxe3 22. Rhg1 Qxf2+ 23. Kc1 Re1+ 24. Rxe1 Qxe1# 0-1

[Event "Early-Titled-Tuesday-Blitz-December-26-2023"]
[Site "Chess.com"]
[Date "2023.12.26"]
[Round "3"]
[White "MrrRefrao"]
[Black "Hoshka"]
[Result "1-0"]
[WhiteElo "2550"]
[BlackElo "2036"]
[TimeControl "180+1"]
[EndTime "8:27:11 PST"]
[Termination "MrrRefrao won on time"]

1. Nf3 d5 2. g3 Nf6 3. Bg2 e6 4. O-O Be7 5. d3 c5 6. Nbd2 Nc6 7. e4 O-O 8. e5 Nd7 9. Re1 b5 10. Nf1 b4 11. h4 a5 12. h5 h6 13. N1h2 Re8 14.
Ng4 Bf8 15. c4 dxc4 16. dxc4 Bb7 17. Bf4 Nb6 18. Qe2 Qc7 19. Bxh6 Red8 20. Bf4 Nd4 21. Nxd4 Rxd4 22. h6 Bxg2 23. hxg7 Bxg7 24. Nf6+ Kf8 25. Kxg2 Qb7+ 26. Kg1 Nxc4 27. Qg4 Nd2 28. Re3 Qf3 29. Rxf3 1-0

[Event "Early-Titled-Tuesday-Blitz-December-26-2023"]
[Site "Chess.com"]
[Date "2023.12.26"]
[Round "3"]
[White "DvaHrasta"]
[Black "SirStrateg"]
[Result "1/2-1/2"]
[WhiteElo "2460"]
[BlackElo "2659"]
[TimeControl "180+1"]
[EndTime "8:27:11 PST"]
[Termination "Game drawn by repetition"]

1. c4 e5 2. g3 Nf6 3. Bg2 h6 4.
Nc3 Bb4 5. Qb3 c5 6. a3 Bxc3 7. Qxc3 d6 8. e3 a5 9. Ne2 O-O 10. O-O Nc6 11. d4 Bg4 12. f3 Bd7 13. d5 Ne7 14. b4 axb4 15. axb4 Rxa1 16. Qxa1 cxb4 17. Bd2 Bf5 18. e4 Qb6+ 19. Kh1 Bc8 20. Qb2 Nd7 21.
Qxb4 Qc7 22. Be3 f5 23. Rc1 b6 24. Nc3 Ba6 25. Nb5 Bxb5 26. cxb5 Nc5 27. Bxc5 bxc5 28.
b6 Qb7 29. Qb5 Rb8 30. Bh3 Qxb6 31. Qd7 Qd8 32. Qe6+ Kh8 33. Bxf5 Ng8 34. Qg6 Nf6 35. Ra1 Qe8 36. Ra7 Qxg6 37. Bxg6 Kg8 38. Kg2 Kf8 39. Rf7+ Kg8 40. Rc7 Kf8 41. Rf7+ Kg8 42. Rc7 Kf8 43.
Rf7+ 1/2-1/2

[Event "Early-Titled-Tuesday-Blitz-December-26-2023"]
[Site "Chess.com"]
[Date "2023.12.26"]
[Round "3"]
[White "Gyulamiryan-koryun"]
[Black "Petrakejzar96"]
[Result "0-1"]
[WhiteElo "2003"]
[BlackElo "2331"]
[TimeControl "180+1"]
[EndTime "8:27:11 PST"]
[Termination "Petrakejzar96 won on time"]

1. e4 c5 2. Nf3 e6 3. c4 Nc6 4. Nc3 e5 5. Be2 g6 6. O-O Bg7 7. a3 Nge7 8. d3 O-O 9. Bg5 f6 10. Bh4 d6 11. h3 Be6 12. Nh2 Nd4 13. Bg4 f5 14. exf5 gxf5 15. Bh5 Qd7 16. Nf3 Ng6 17. Bxg6 hxg6 18. Ng5 Rae8 19. b4 b6 20. bxc5 dxc5 21. Rb1 Qb7 22. Nb5 Nxb5 23. Rxb5 Bd7 24. Rb1 Bc6 25.
f3 Rd8 26. Qe2 Rd6 27. Bg3 Qe7 28. Rbe1 Qxg5 29. Bh2 Rdd8 30. Bxe5 Bxe5 31. Qxe5 Rde8 32. Qd6 Bxf3 33. Rxf3 Rxe1+ 34. Kh2 Ree8 0-1

[Event "Early-Titled-Tuesday-Blitz-December-26-2023"]
[Site "Chess.com"]
[Date "2023.12.26"]
[Round "3"]
[White "ChessArchitect64"]
[Black "ChessRespected"]
[Result "0-1"]
[WhiteElo "2273"]
[BlackElo "2584"]
[TimeControl "180+1"]
[EndTime "8:27:15 PST"]
[Termination "ChessRespected won by checkmate"]

1. d4 d5 2. Nf3 Nf6 3. e3 c6 4. Bd3 Bg4 5. O-O Nbd7 6. Nbd2 e5 7. dxe5 Nxe5 8. Be2 Bxf3 9. Nxf3 Bd6 10. c4 Nxc4 11. Bxc4 dxc4 12. Qc2 O-O 13. Qxc4 Qe7 14. b3 Rfd8 15. Bb2 Ba3 16. Bxa3 Qxa3 17. e4 a5 18. e5 Nd5 19. Qe4 Nc3 20. Qf5 g6 21. Qc2 Nd5 22. Rad1 a4 23. bxa4 Qxa4 24. Qc5 Qa3 25.
Qc2 Qxa2 26. Qe4 Nc3 27. Rxd8+ Rxd8 28. Qh4 Ra8 29. Ng5 h5 30. e6 Qe2 31. exf7+ Kf8 32.
Nh7+ Kg7 33. Qf6+ Kxh7 34. f8=Q Qxf1+ 35. Kxf1 Ra1# 0-1

[Event "Early-Titled-Tuesday-Blitz-December-26-2023"]
[Site "Chess.com"]
[Date "2023.12.26"]
[Round "3"]
[White "mbojan"]
[Black "Herzog2012"]
[Result "1-0"]
[WhiteElo "2911"]
[BlackElo "2526"]
[TimeControl "180+1"]
[EndTime "8:27:16 PST"]
[Termination "mbojan won on time"]

1. a3 Nf6 2. h3 e6 3. e3 c5 4. Nf3 Be7 5. d4 cxd4 6. exd4 O-O 7. c4 b6 8. Nc3 d5 9. cxd5 Nxd5 10. Bd3 Ba6 11. O-O Nxc3 12. bxc3 Bxd3 13. Qxd3 Nc6 14. Bf4 Qd7 15. Rfd1 Rfd8 16. Rac1 Bf6 17. Ng5 Bxg5 18.
Bxg5 f6 19. Be3 e5 20. d5 Ne7 21. c4 Rac8 22. d6 Nf5 23. c5 bxc5 24. Rxc5 Nxd6 25.
Qxd6 Rxc5 26. Qxd7 Rxd7 27. Rxd7 Rc2 28. Rxa7 f5 29. g3 h6 30. h4 Kh7 31. a4 Ra2 32. a5 Kg6 33. a6 Kh5 34. Kg2 g5 35. hxg5 hxg5 36. Ra8 f4 37. Bc5 Kg4 38. a7 f3+ 39. Kh2 Ra6 40. Rh8 1-0

[Event "Early-Titled-Tuesday-Blitz-December-26-2023"]
[Site "Chess.com"]
[Date "2023.12.26"]
[Round "3"]
[White "Klavdia_Nik"]
[Black "Sofia_Blokhin"]
[Result "0-1"]
[WhiteElo "1984"]
[BlackElo "2325"]
[TimeControl "180+1"]
[EndTime "8:27:18 PST"]
[Termination "Sofia_Blokhin won on time"]

1. Nf3 g6 2. c4 Bg7 3. Nc3 f5 4. d4 Nf6 5. d5 O-O 6. g3 d6 7. Bg2 c6 8. O-O cxd5 9. cxd5 Na6 10. Nd4 Nc5 11. Bg5 h6 12. Bxf6 Bxf6 13. e3 Bd7 14. b4 Na6 15. Rb1 Rc8 16. Qd3 Nc7 17. b5 a6 18. a4 axb5 19. axb5 Na8 20. Nce2 Nb6 21. Ne6 Bxe6 22. dxe6 Na4 23. Nf4 Nc5 24. Qd5 Kg7 25. e4 Be5 26. Nd3 fxe4 27. Nxe5 Rf5 28. Rbd1 Rxe5 29. Qd4 Nxe6 30. Qb2 Kh7 31. f4 exf3 32.
Bxf3 Qb6+ 33. Kh1 Qxb5 0-1

[Event "Early-Titled-Tuesday-Blitz-December-26-2023"]
[Site "Chess.com"]
[Date "2023.12.26"]
[Round "3"]
[White "Alenzer"]
[Black "KorolDimitriy75"]
[Result "0-1"]
[WhiteElo "2067"]
[BlackElo "2360"]
[TimeControl "180+1"]
[EndTime "8:27:20 PST"]
[Termination "KorolDimitriy75 won on time"]

1. e4 c5 2. Nf3 d6 3. c3 Nf6 4. h3 g6 5. d4 cxd4 6. Qxd4 Nc6 7. Qd3 Bg7 8. Be2 O-O 9. Be3 a6 10. Nbd2 b5 11. O-O Bb7 12. a3 Qc7 13. Nd4 Ne5 14.
Qc2 Nc4 15. Nxc4 bxc4 16. f3 Rab8 17. Qa4 Rfc8 18. Rab1 d5 19. exd5 Nxd5 20. Bf2 Nf4 21. Rfe1 e5 22. Nc2 e4 23. Nd4 Nxe2+ 24. Rxe2 exf3 25. Nxf3 Bxf3 26. gxf3 Qf4 27. Kg2 Qg5+ 28. Kf1 Qf5 29. Qd1 Qxh3+ 30. Kg1 Rd8 31. Bd4 Qg3+ 32. Rg2 Qf4 33. Qe2 Bxd4+ 34. cxd4 Qxd4+ 35. Kh1 c3 0-1

[Event "Early-Titled-Tuesday-Blitz-December-26-2023"]
[Site "Chess.com"]
[Date "2023.12.26"]
[Round "3"]
[White "slidingknight2775"]
[Black "BilodeauA"]
[Result "0-1"]
[WhiteElo "2675"]
[BlackElo "2890"]
[TimeControl "180+1"]
[EndTime "8:27:21 PST"]
[Termination "BilodeauA won by resignation"]

1. Nf3 d5 2. g3 Nd7 3. d4 Nb6 4. Bg2 Bf5 5. O-O e6 6. b3 h6 7. c4 Nf6 8. Bb2 c6 9. Nbd2 Be7 10. a4 a5 11. Qc1 O-O 12. Ba3 Nbd7 13. Rd1 Nb8 14.
Bxe7 Qxe7 15. Qc3 Rd8 16. Ne5 Nbd7 17. Nxd7 Rxd7 18. e3 Bg4 19. Re1 Qb4 20. Rec1 Qb6 21.
Rcb1 Bf5 22. Rb2 Qb4 23. Qxb4 axb4 24. c5 Ra5 25. Rc1 g5 26. f3 Bg6 27. Kf2 Re7 28. Nf1 e5 29. h3 Ra8 30. Rd1 Rae8 31. dxe5 Rxe5 32. Rd4 Nd7 33. f4 R5e7 34. g4 gxf4 35. exf4 Be4 36. Bxe4 Rxe4 37. Rxe4 Rxe4 38. Ng3 Rxf4+ 39.
Ke3 Rf6 40. Rc2 Re6+ 41. Kf2 Kh7 42. Nf5 Kg6 43. Rc1 h5 44. Kf3 hxg4+ 45. hxg4 Kg5 46.
Nd4 Re4 47. Nc2 Ne5+ 48. Kf2 Nd3+ 0-1

[Event "Early-Titled-Tuesday-Blitz-December-26-2023"]
[Site "Chess.com"]
[Date "2023.12.26"]
[Round "3"]
[White "Azalea95"]
[Black "SmirnovTimofey2000"]
[Result "1-0"]
[WhiteElo "2354"]
[BlackElo "2016"]
[TimeControl "180+1"]
[EndTime "8:27:21 PST"]
[Termination "Azalea95 won by resignation"]

1. e4 e5 2. Nf3 Nf6 3. Nxe5 d6 4.
Nf3 Nxe4 5. Nc3 Nxc3 6. dxc3 Be7 7. Be3 Be6 8. Qd2 Nd7 9. O-O-O Ne5 10. Be2 Nc4 11.
Bxc4 Bxc4 12. Kb1 Qd7 13. Qd4 Qe6 14. b3 Ba6 15. Rhe1 O-O 16. Bg5 Bf6 17. Bxf6 Qxf6 18. Qxf6 gxf6 19. Re7 Rfe8 20. Rxc7 Be2 21. Rxd6 Bxf3 22.
gxf3 Kg7 23. Rdd7 Rf8 24. Rxb7 Rae8 25. Rxa7 Re1+ 26. Kb2 Re2 27. a4 Rxf2 28. a5 Rxf3 29. a6 Rf5 30. b4 Rb5 31. Rxf7+ Rxf7 32. Rxf7+ Kxf7 33. a7 1-0

[Event "Early-Titled-Tuesday-Blitz-December-26-2023"]
[Site "Chess.com"]
[Date "2023.12.26"]
[Round "3"]
[White "viktorskliarov"]
[Black "Yurasova_Daria"]
[Result "1-0"]
[WhiteElo "2647"]
[BlackElo "2458"]
[TimeControl "180+1"]
[EndTime "8:27:22 PST"]
[Termination "viktorskliarov won by checkmate"]

1. e4 e5 2. Nc3 Nf6 3. Bc4 Bc5 4. d3 d6 5. h3 h6 6. Nge2 Nc6 7. a3 a6 8. O-O O-O 9. Ng3 Be6 10. Nd5 b5 11.
Ba2 Bxd5 12. exd5 Ne7 13. Qf3 Ng6 14. Nf5 Kh7 15. b4 Bb6 16. Bb2 Ng8 17. g3 N8e7 18.
h4 Qd7 19. Nxe7 Nxe7 20. c4 Qf5 21. Kg2 Rae8 22. Rac1 Bd4 23. Bxd4 exd4 24. cxb5 axb5 25. Rxc7 Qe5 26. Qe4+ Qxe4+ 27. dxe4 Ng6 28. Bb1 Ra8 29. e5 dxe5 30. h5 Rxa3 31. hxg6+ fxg6 32. Re1 Rb3 33. Bc2 Rb2 34. Re2 Kh8 35. d6 Rxb4 36. Rxe5 Rc4 37. Bxg6 d3 38. Bxd3 Rd4 39. Bg6 Rxd6 40.
Bf7 Rf6 41. Ree7 b4 42. f4 Rd6 43. Bb3 Rd2+ 44. Kh3 Rd3 45. Rxg7 Rxb3 46. Rh7+ Kg8 47. Rcg7# 1-0

[Event "Early-Titled-Tuesday-Blitz-December-26-2023"]
[Site "Chess.com"]
[Date "2023.12.26"]
[Round "3"]
[White "MIM06"]
[Black "PavelChernomordik"]
[Result "1-0"]
[WhiteElo "2257"]
[BlackElo "2423"]
[TimeControl "180+1"]
[EndTime "8:27:22 PST"]
[Termination "MIM06 won by resignation"]

1. e4 g6 2. d4 Bg7 3. Nc3 d6 4. g3 h5 5. h3 Nc6 6. Nge2 e5 7. Be3 f5 8. Bg2 h4 9. Qd2 hxg3 10. fxg3 fxe4 11.
Bxe4 Bf5 12. dxe5 Nxe5 13. O-O-O Ne7 14. Nd4 Bxe4 15. Nxe4 Nc4 16. Qd3 Nxe3 17. Qxe3 Bh6 18. Ng5 O-O 19. Nde6 Nf5 20. Qb3 Kh8 21. Nxd8 Bxg5+ 22.
Kb1 Raxd8 23. h4 Bf6 24. h5 g5 25. Rhf1 Be5 26. g4 Nd4 27. Qe3 c5 28. Qxg5 Nf3 29. Qh6+ Kg8 30. Qe6+ Kh8 31. Qd5 Nd4 32. g5 Nf5 33.
Qd3 Ng3 34. Rxf8+ Rxf8 35. h6 Nf5 36. a4 Nd4 37. g6 Re8 38. g7+ Kg8 39. Qg6 1-0

[Event "Early-Titled-Tuesday-Blitz-December-26-2023"]
[Site "Chess.com"]
[Date "2023.12.26"]
[Round "3"]
[White "Philosopherrr"]
[Black "Grammnik"]
[Result "1/2-1/2"]
[WhiteElo "2389"]
[BlackElo "2209"]
[TimeControl "180+1"]
[EndTime "8:27:22 PST"]
[Termination "Game drawn by repetition"]

1. e4 c6 2. Nf3 d5 3. Nc3 dxe4 4. Nxe4 Nf6 5. Qe2 Nxe4 6. Qxe4 Qd5 7. Qxd5 cxd5 8. d4 Nc6 9. Bb5 f6 10. h3 Bf5 11. c3 e6 12. Bf4 Kf7 13. O-O h5 14. Rfe1 g5 15. Bh2 Rc8 16. Nd2 h4 17. a4 g4 18.
hxg4 Bxg4 19. Nf1 Bh6 20. Ne3 Bh5 21. Ra3 Rhg8 22. Bxc6 Rxc6 23. Rb3 b6 24. a5 Bf3 25. Kf1 Bxe3 26. gxf3 Bh6 27. Ra1 Kg6 28. axb6 Rxb6 29. Rxb6 axb6 30. Ra7 Kf5 31. Rh7 Bg5 32. Ke2 Ra8 33.
Kd3 Ra1 34. f4 Bxf4 35. Bxf4 Kxf4 36. Rxh4+ Kf5 37. Rh7 Ra2 38. Kc2 Ra1 39. Rb7 Rf1 40. Rxb6 Rxf2+ 41. Kd3 e5 42. dxe5 fxe5 43. b4 Rf3+ 44. Kc2 Ke4 45. Re6 Rf2+ 46. Kb3 Rf1 47. Kc2 Rf2+ 48. Kb3 Rf1 49. Kb2 Rf2+ 50. Kb3 1/2-1/2

[Event "Early-Titled-Tuesday-Blitz-December-26-2023"]
[Site "Chess.com"]
[Date "2023.12.26"]
[Round "3"]
[White "Abduzhaparov"]
[Black "isaak2009"]
[Result "0-1"]
[WhiteElo "2429"]
[BlackElo "2623"]
[TimeControl "180+1"]
[EndTime "8:27:23 PST"]
[Termination "isaak2009 won on time"]

1. Nf3 d5 2. c4 d4 3. e3 Nc6 4. b4 dxe3 5. fxe3 Nxb4 6. d4 Nc6 7. d5 Nb8 8. Nc3 Nf6 9. e4 e5 10. Nxe5 Bc5 11. Bg5 O-O 12. Bd3 h6 13. Bh4 Qd6 14.
Nf3 Ng4 15. Qe2 Re8 16. h3 Ne3 17. Na4 Bb4+ 18. Kf2 Nf5 19. e5 Qa6 20. Bxf5 Bxf5 21. g4 Bg6 22. Nb2 Nd7 23. Nd3 Bxd3 24. Qxd3 Nxe5 25.
Nxe5 Rxe5 26. Bg3 Bc5+ 27. Kg2 Re3 28. Qf5 Qxc4 29. Rhf1 Qe4+ 30. Qxe4 Rxe4 31. Bf2 Bd6 32. Rfd1 Rae8 33. Rab1 b6 34. Kf3 Ra4 35. Rb2 Rf4+ 36. Kg2 Ra4 37. Bg3 Bxg3 38. Kxg3 Re3+ 39. Kg2 Rea3 40. Rdd2 Rc4 41. Rbc2 Rcc3 42. Rxc3 Rxc3 43. h4 Kf8 44. h5 Ke7 45. Kf2 Kd6 46. Kg2 f6 47.
Kf2 Rc5 48. Re2 Rxd5 49. Re8 Rd4 50. Kg3 Rd5 51. Kh4 Rg5 52. Ra8 a5 53. a4 Kc5 54.
Re8 Kb4 55. Re4+ Kb3 56. Rd4 f5 0-1

[Event "Early-Titled-Tuesday-Blitz-December-26-2023"]
[Site "Chess.com"]
[Date "2023.12.26"]
[Round "3"]
[White "RodokininEV"]
[Black "Witty_Alien"]
[Result "0-1"]
[WhiteElo "2614"]
[BlackElo "2458"]
[TimeControl "180+1"]
[EndTime "8:27:25 PST"]
[Termination "Witty_Alien won by resignation"]

1. d4 d5 2. c4 c6 3. Nc3 Nf6 4. Nf3 e6 5. Qb3 Nbd7 6. Bg5 h6 7. Bh4 Bd6 8. e3 O-O 9. Rc1 e5 10. cxd5 exd4 11. Nxd4 Ne5 12. Be2 g5 13. Bg3 h5 14.
h4 g4 15. O-O Ng6 16. dxc6 Bxg3 17. fxg3 Qe7 18. Ncb5 Ne4 19. cxb7 Bxb7 20. Nf5 Qe5 21. Rf4 Nxf4 22. gxf4 Qxf5 23. Nc7 Rab8 24. Bd3 Rfc8 25. Qb4 g3 26. Qe7 Qg4 27. Bxe4 Bxe4 28. Qxe4 Qxh4 29.
Qc4 Qh2+ 30. Kf1 Rxb2 31. Rc2 Qh1+ 32. Ke2 Qxg2+ 33. Kd3 Qxc2+ 34. Qxc2 Rxc2 35. Nd5 g2 36. Nf6+ Kg7 37. Nxh5+ Kh6 0-1

[Event "Early-Titled-Tuesday-Blitz-December-26-2023"]
[Site "Chess.com"]
[Date "2023.12.26"]
[Round "3"]
[White "CFalcons8"]
[Black "Flameboard08"]
[Result "0-1"]
[WhiteElo "2214"]
[BlackElo "2558"]
[TimeControl "180+1"]
[EndTime "8:27:25 PST"]
[Termination "Flameboard08 won on time"]

1. e4 b6 2. Nc3 Bb7 3. d3 e6 4. f4 d5 5. exd5 exd5 6. Nf3 Nf6 7. g3 Bc5 8. d4 Bb4 9. Bg2 Ne4 10. Bd2 Bxc3 11. bxc3 Ba6 12. Ne5 Nxd2 13. Kxd2 O-O 14. Qg4 c5 15. Bf1 Bb7 16. Bd3 Nc6 17. Nf3 Qf6 18.
dxc5 bxc5 19. Ng5 g6 20. Qh4 Qg7 21. f5 c4 22. f6 Qh8 23. Be2 h6 24. Nf3 Rae8 25.
Nd4 Re4 26. Qh3 Nxd4 27. cxd4 Qxf6 28. c3 Rfe8 29. Rae1 Qf2 30. Qf1 Qe3+ 0-1

[Event "Early-Titled-Tuesday-Blitz-December-26-2023"]
[Site "Chess.com"]
[Date "2023.12.26"]
[Round "3"]
[White "Yeritsyaan"]
[Black "Vincent_Vega95"]
[Result "0-1"]
[WhiteElo "2662"]
[BlackElo "2854"]
[TimeControl "180+1"]
[EndTime "8:27:27 PST"]
[Termination "Vincent_Vega95 won by resignation"]

1. Nf3 Nf6 2. c4 g6 3. b3 Bg7 4. Bb2 O-O 5. e3 d6 6. Be2 e5 7. O-O Re8 8. d4 e4 9. Nfd2 h5 10. d5 Bf5 11. Na3 Nbd7 12. Nb5 Bg4 13. h3 Bxe2 14. Qxe2 Nc5 15. f4 Nd3 16. Bd4 c5 17. Bc3 Nb4 18. f5 g5 19. Na3 Qe7 20. Bxb4 cxb4 21.
Nc2 g4 22. Nd4 Qe5 23. Rf4 Bh6 24. Raf1 Bxf4 25. Rxf4 Kg7 26. Qf2 Rh8 27. Qh4 Rag8 28. Kf1 Kf8 29. Nxe4 Nxe4 30. Rxe4 Qxe4 31. Qd8+ Qe8 32.
Ne6+ fxe6 33. Qf6+ Qf7 34. Qd8+ Kg7 35. Qxd6 Qxf5+ 36. Ke2 exd5 37. Qe7+ Kh6 38. h4 dxc4 39. bxc4 Rd8 40. g3 0-1

[Event "Early-Titled-Tuesday-Blitz-December-26-2023"]
[Site "Chess.com"]
[Date "2023.12.26"]
[Round "3"]
[White "Chessdreamer2020"]
[Black "SHIVACalypso"]
[Result "0-1"]
[WhiteElo "2514"]
[BlackElo "2391"]
[TimeControl "180+1"]
[EndTime "8:27:27 PST"]
[Termination "SHIVACalypso won by resignation"]

1. e4 c5 2. Nf3 Nc6 3. Bb5 g6 4.
O-O Bg7 5. c3 e5 6. d4 cxd4 7.
cxd4 exd4 8. Bf4 Nge7 9. Bd6 O-O 10. Nbd2 Re8 11. Bc4 h6 12. b4 b5 13. Bxb5 Qb6 14.
Bc4 Nxb4 15. e5 Nf5 16. Bxf7+ Kxf7 17. Qb3+ Re6 18. Bxb4 Rb8 19. Bd6 Qxb3 20. Nxb3 Nxd6 21. exd6 Rxd6 22. Rfd1 d3 23. Rac1 Bb7 24. Ne1 Ba6 25.
Nc5 d2 26. Rxd2 Rxd2 27. Nxa6 Rbb2 28. Nc5 Bd4 29. Ne4 Bxf2+ 30. Nxf2 Rxf2 31. a4 Rfd2 32. h3 Ra2 33. Rc4 Rd1 34. Re4 d5 35. Re5 d4 36.
Kh2 d3 37. Nf3 d2 38. Rd5 Raa1 39. Nxd2 Ra2 40. Rd7+ Ke8 41. Rxa7 Rdxd2 42. Rh7 Rxg2+ 43. Kh1 Rgc2 0-1

[Event "Early-Titled-Tuesday-Blitz-December-26-2023"]
[Site "Chess.com"]
[Date "2023.12.26"]
[Round "3"]
[White "quvnoq_muxlis"]
[Black "AsaHoffmann"]
[Result "1-0"]
[WhiteElo "2724"]
[BlackElo "2309"]
[TimeControl "180+1"]
[EndTime "8:27:29 PST"]
[Termination "quvnoq_muxlis won by resignation"]

1. e4 d6 2. d4 Nf6 3. Nc3 c6 4. a4 Qa5 5. Bd3 e5 6. Ne2 Be7 7. h3 O-O 8. g4 Nbd7 9. Bd2 Qc7 10. Be3 a5 11. Ng3 g6 12. g5 Ne8 13. h4 Ng7 14. d5 c5 15. h5 c4 16. Nb5 Qd8 17.
Bxc4 Bxg5 18. Bxg5 Qxg5 19. Nxd6 Nc5 20. Qd2 Qxd2+ 21.
Kxd2 Rd8 22. Nxc8 Raxc8 23. b3 Ne8 24. hxg6 hxg6 25. Bd3 Nd6 26. Rag1 Kf8 27. Rh7 Ke7 28. Ke3 Nxd3 29. Kxd3 b5 30. axb5 Nxb5 31. Ne2 Ra8 32. Rxg6 a4 33. bxa4 Rxa4 34. Rb6 Nd4 35. Rb7+ Kd6 36.
Rh6+ Kc5 37. Nxd4 Rxd4+ 38. Ke3 Rc8 39. Rbb6 Rd1 40. Rhc6+ Rxc6 41. Rxc6+ Kb5 42. Rc7 f5 43. exf5 Rxd5 44. c4+ Kb6 45. cxd5 Kxc7 46. Ke4 Kd6 47. f3 1-0

[Event "Early-Titled-Tuesday-Blitz-December-26-2023"]
[Site "Chess.com"]
[Date "2023.12.26"]
[Round "3"]
[White "Aradhya2000"]
[Black "frederiksvane"]
[Result "0-1"]
[WhiteElo "2712"]
[BlackElo "2947"]
[TimeControl "180+1"]
[EndTime "8:27:30 PST"]
[Termination "frederiksvane won by resignation"]

1. d4 Nf6 2. Nf3 e6 3. Bf4 Be7 4. e3 Nh5 5. Nbd2 O-O 6. Bd3 Nxf4 7. exf4 c5 8. dxc5 Bxc5 9. O-O h6 10. Qe2 d5 11.
Rad1 Nc6 12. c3 Qf6 13. g3 Rd8 14. Rfe1 a6 15. Nb3 Ba7 16. Nbd4 Nxd4 17. cxd4 Bd7 18. h4 Rac8 19. h5 a5 20. Bb5 Bc6 21. Kg2 Qf5 22.
Bxc6 Rxc6 23. Ne5 Rc2 24. Rd2 Rdc8 25. g4 Qe4+ 26. Qxe4 dxe4 27. Rxc2 Rxc2 28. Rxe4 Rxb2 29. f5 exf5 30. gxf5 Rxa2 31. Nd7 f6 32. Kg3 Rd2 33. Nc5 Bxc5 34. dxc5 Rd5 35. Re8+ Kh7 36. Re7 Rxc5 37. Kg4 b5 38. Ra7 a4 39. f3 Rc4+ 40. Kg3 Rb4 41.
Ra5 Rb3 42. Kf2 a3 43. Ke2 b4 44. Ra4 Rb2+ 45. Kd3 a2 46. Ra7 b3 47. Kc3 Rb1 48. f4 a1=Q+ 49. Rxa1 Rxa1 50. Kxb3 Rf1 51. Kc2 Rxf4 0-1

[Event "Early-Titled-Tuesday-Blitz-December-26-2023"]
[Site "Chess.com"]
[Date "2023.12.26"]
[Round "3"]
[White "GiorgianBarbosa"]
[Black "CuattroPrincesses"]
[Result "0-1"]
[WhiteElo "2494"]
[BlackElo "2288"]
[TimeControl "180+1"]
[EndTime "8:27:31 PST"]
[Termination "CuattroPrincesses won by checkmate"]

1. d4 Nf6 2. Nf3 e6 3. e3 b6 4. Bd3 Bb7 5. O-O d5 6. b3 Nbd7 7. Bb2 Be7 8. Nbd2 O-O 9. Ne5 Nxe5 10. dxe5 Ne4 11. Bxe4 dxe4 12. Qe2 Bb4 13. Rad1 Qe7 14. Qc4 a5 15. Rfe1 Rfd8 16. c3 Bd5 17. Qe2 Bc5 18. Nf1 Bb7 19. Ng3 Qg5 20. c4 g6 21. Qc2 Qg4 22.
h3 Qh4 23. Bc3 Rxd1 24. Rxd1 Bxe3 25. Rd7 Qxg3 26. fxe3 Qxe3+ 27. Kh2 Qf4+ 28. Kg1 e3 29. Rxc7 Be4 30. Qe2 Rd8 31. c5 Rd1+ 32. Be1 Qg3 33. Rc8+ Kg7 34. Kf1 Rxe1+ 35. Qxe1 Qxg2# 0-1

[Event "Early-Titled-Tuesday-Blitz-December-26-2023"]
[Site "Chess.com"]
[Date "2023.12.26"]
[Round "3"]
[White "Hikaru"]
[Black "FelixBlohberger"]
[Result "1-0"]
[WhiteElo "3222"]
[BlackElo "2778"]
[TimeControl "180+1"]
[EndTime "8:27:34 PST"]
[Termination "Hikaru won by resignation"]

1. Nf3 d5 2. e3 c5 3. b3 Nf6 4.
Bb2 g6 5. Bxf6 exf6 6. c3 f5 7. d4 Nc6 8. g3 cxd4 9. Nxd4 Bg7 10. Bg2 O-O 11. O-O Be6 12. Ne2 Rc8 13. Nd2 Qa5 14. b4 Qb6 15. Rb1 Rfd8 16. a4 Ne5 17. a5 Qc7 18.
Nb3 Ng4 19. Nbd4 Qe7 20. Rc1 Nf6 21. Nf4 Ne4 22. Qd3 a6 23. Rfd1 Rc7 24. Rc2 Rdc8 25. Rdc1 Bf6 26. Bf1 Kg7 27. Ndxe6+ fxe6 28. c4 dxc4 29. Rxc4 Rxc4 30. Rxc4 Rxc4 31. Qxc4 Kf7 32. Bg2 Nd6 33.
Qb3 Ne4 34. Bxe4 fxe4 35. Qc4 Be5 36. Qxe4 Bxf4 37. Qxf4+ Kg7 38. Qe4 Qd7 39. Kg2 Kf7 40.
g4 Kf8 41. Qd4 Qf7 42. Qf4 Ke7 43. Qxf7+ Kxf7 44. Kf3 1-0

[Event "Early-Titled-Tuesday-Blitz-December-26-2023"]
[Site "Chess.com"]
[Date "2023.12.26"]
[Round "3"]
[White "OneTrickPony_82"]
[Black "bazar-wokzal"]
[Result "0-1"]
[WhiteElo "2448"]
[BlackElo "2637"]
[TimeControl "180+1"]
[EndTime "8:27:34 PST"]
[Termination "bazar-wokzal won by resignation"]

1. d4 Nf6 2. c4 Nc6 3. Nc3 e5 4. d5 Ne7 5. h4 Neg8 6. Nf3 Ng4 7.
Qc2 Bc5 8. Ne4 Bb4+ 9. Bd2 Bxd2+ 10. Qxd2 d6 11. Qg5 g6 12. Qxd8+ Kxd8 13. h5 N8h6 14. hxg6 hxg6 15. Nfg5 Ke7 16. e3 f6 17. Nf3 Nf7 18. Rxh8 Nxh8 19. Be2 Nf7 20. Nfd2 Bd7 21. Nf1 Rh8 22. f3 Nh2 23. Nfd2 f5 24. Nc3 g5 25. Kf2 f4 26. g4 fxg3+ 27. Kxg3 Rh3+ 28. Kg2 g4 29.
fxg4 Ng5 30. Rh1 Nxg4 31. Rxh3 Nxh3 32. Kxh3 Nxe3+ 33. Kg3 Nf5+ 34. Kf2 c6 35. Bg4 Nd4 36. Bxd7 Kxd7 37. Nde4 a6 38. Ke3 b5 39. dxc6+ Kxc6 40. cxb5+ axb5 41. a3 d5 42. Nf6 Nf5+ 43. Kd2 Ne7 44.
Kd3 e4+ 45. Kd2 Kc5 46. Nfxd5 Nxd5 47. Nxd5 Kxd5 48. Ke3 Kc4 49. Kxe4 Kb3 50. Kd4 Kxb2 51. Kd3 Kxa3 52. Kc2 b4 0-1

[Event "Early-Titled-Tuesday-Blitz-December-26-2023"]
[Site "Chess.com"]
[Date "2023.12.26"]
[Round "3"]
[White "snowlord"]
[Black "Alexchess1984"]
[Result "0-1"]
[WhiteElo "2922"]
[BlackElo "2719"]
[TimeControl "180+1"]
[EndTime "8:27:37 PST"]
[Termination "Alexchess1984 won on time"]

1. d4 Nf6 2. c4 g6 3. Nc3 d5 4. cxd5 Nxd5 5. e4 Nxc3 6. bxc3 Bg7 7. Bc4 c5 8. Ne2 Nc6 9. Be3 Qa5 10. O-O O-O 11. Rb1 Qc7 12. Qd2 Na5 13. Bd3 b6 14. h4 Bb7 15. h5 Rfd8 16. h6 Bh8 17.
d5 e6 18. c4 Ba6 19. Rfc1 exd5 20. exd5 Re8 21. Ng3 Qe5 22. Bxc5 Rac8 23. Re1 Qc3 24. Qxc3 Bxc3 25. Rxe8+ Rxe8 26. Ne4 Bh8 27. Bb4 Bxc4 28. Bxc4 Nxc4 29. f3 f5 30. Ng5 Ne3 31. d6 Bf6 32. Nh3 Nd5 33. Ba3 Nc3 34. Rb3 Ne2+ 35. Kf2 Nd4 36.
Rd3 Kf7 37. Nf4 Ne6 0-1